SAAA
PAWNEE PARKSNREC @ TORTOLITA DRUMMERS
09/18/2042
 
TOP OF THE 1ST
Pawnee ParksNRec batting - Pitching for Tortolita Drummers : LHP Will Hoffman
Pitching: LHP Will Hoffman
Batting: RHB Bartolo Álvarez 0-0: Called Strike
0-1: Ball
1-1: Ball
2-1: Ground out 6-3 (Groundball, 6M, EV 109.4 MPH)
Batting: RHB Charles Atkinson 0-0: Ball
1-0: Called Strike
1-1: Ball
2-1: Ball
3-1: Foul Ball, location: 2F
3-2: Fly out, F6 (Line Drive, 6, EV 69.4 MPH)
Batting: RHB Josh Mawdesley 0-0: SINGLE (Line Drive, 89S, EV 110.6 MPH)
Batting: RHB Manuel Acosta 0-0: Foul Ball, location: 2F
0-1: Ball
1-1: Foul Ball, location: 2F
1-2: Ball
2-2: Foul Ball, location: 2F
2-2: Fly out, F8 (Flyball, 8RXD, EV 101.2 MPH)
Top of the 1st over - 0 runs, 1 hit, 0 errors, 1 left on base; Pawnee 0 - Tortolita 0
BOTTOM OF THE 1ST
Tortolita Drummers batting - Pitching for Pawnee ParksNRec : RHP Manuel Ruíz
Pitching: RHP Manuel Ruíz
Batting: LHB Carlos Leyva 0-0: Called Strike
0-1: Foul Ball, location: 2F
0-2: Ball
1-2: Ground out U3 (Groundball, 34, EV 81.9 MPH)
Batting: RHB Jesús Torres 0-0: Called Strike
0-1: Ball
1-1: Foul Ball, location: 2F
1-2: Ball
2-2: SINGLE (Line Drive, 89S, EV 91.9 MPH)
Batting: LHB Tippi Degré 0-0: Fly out, F7 (Flyball, 7LM, EV 98.8 MPH)
Batting: RHB Omer Yurtseven 0-0: Ball
1-0: Ball
2-0: Called Strike
2-1: SINGLE (Groundball, 56D, EV 96.9 MPH)
Jesús Torres to second
Batting: SHB John Wilder 0-0: Ball
1-0: Fly out, F8 (Flyball, 8LM, EV 89.4 MPH)
Bottom of the 1st over - 0 runs, 2 hits, 0 errors, 2 left on base; Pawnee 0 - Tortolita 0
TOP OF THE 2ND
Pawnee ParksNRec batting - Pitching for Tortolita Drummers : LHP Will Hoffman
Batting: RHB Elmer Kent 0-0: Ball
1-0: Swinging Strike
1-1: Called Strike
1-2: Fly out, F8 (Flyball, 8RS, EV 68.1 MPH)
Batting: RHB Baldwin Biele 0-0: Called Strike
0-1: Ground out 5-3 (Groundball, 56, EV 86.9 MPH)
Batting: SHB Jake Pinto 0-0: Swinging Strike
0-1: Foul Ball, location: 2F
0-2: Ball
1-2: Ball
2-2: Ball
3-2: SINGLE (Line Drive, 9S, EV 103.1 MPH)
Batting: RHB Ashton Bailey 0-0: Called Strike
0-1: Called Strike
0-2: Strikes out swinging
Top of the 2nd over - 0 runs, 1 hit, 0 errors, 1 left on base; Pawnee 0 - Tortolita 0
BOTTOM OF THE 2ND
Tortolita Drummers batting - Pitching for Pawnee ParksNRec : RHP Manuel Ruíz
Batting: SHB Fernando Rincón 0-0: Ball
1-0: Called Strike
1-1: Ball
2-1: SINGLE (Groundball, 34D, EV 101.9 MPH)
Batting: RHB Alberto Ramírez 0-0: Ball
1-0: Foul Ball, location: 2F
1-1: Ball
2-1: Called Strike
2-2: Foul Ball, location: 2F
2-2: Ball
3-2: Base on Balls
Fernando Rincón to second
Batting: RHB Tso-i Wang 0-0: Ball
1-0: Ball
2-0: Ball
3-0: Called Strike
3-1: Base on Balls
Fernando Rincón to third
Alberto Ramírez to second
Batting: RHB Ken Moore 0-0: Ball
1-0: Ball
2-0: Called Strike
2-1: Called Strike
2-2: Ball
3-2: Strikes out swinging
Batting: LHB Carlos Leyva 0-0: Called Strike
0-1: Ball
1-1: Called Strike
1-2: Ball
2-2: Fly out, F9 (Flyball, 89S, EV 80.0 MPH)
Runner from 3rd tags up, SCORES, throw by RF
Batting: RHB Jesús Torres 0-0: Swinging Strike
0-1: Fielders Choice at 2nd, 6-4 (Groundball, 6, EV 77.5 MPH)
Bottom of the 2nd over - 1 run, 1 hit, 0 errors, 2 left on base; Pawnee 0 - Tortolita 1
TOP OF THE 3RD
Pawnee ParksNRec batting - Pitching for Tortolita Drummers : LHP Will Hoffman
Batting: SHB Ernesto Sacasas 0-0: Called Strike
0-1: SINGLE (Groundball, 4MD, EV 100.0 MPH)
Batting: RHB Bartolo Álvarez 0-0: Ball
1-0: Ball
2-0: Fielders Choice at 2nd, 5-4 (Groundball, 5L, EV 110.0 MPH)
Batting: RHB Charles Atkinson 0-0: Called Strike
0-1: Ball
1-1: Ball
2-1: Fielders Choice at 2nd, 4-6 (Groundball, 34, EV 103.8 MPH)
Now at SS: Tekkan Hayagawa
Batting: RHB Josh Mawdesley 0-0: Called Strike
0-1: Ball
1-1: Called Strike
1-2: Ball
2-2: Foul Ball, location: 2F
2-2: SINGLE (Flyball, 34D, EV 93.1 MPH)
Charles Atkinson to second
Runner from 2nd tries for 3rd, SAFE, throw by RF made to third
Batting: RHB Manuel Acosta 0-0: Ball
1-0: Ball
2-0: Called Strike
2-1: DOUBLE (Flyball, 8LXD, EV 89.4 MPH)
Charles Atkinson scores
Josh Mawdesley to third
Batting: RHB Elmer Kent 0-0: Swinging Strike
0-1: Ball
1-1: Called Strike
1-2: Strikes out swinging
Top of the 3rd over - 1 run, 3 hits, 0 errors, 2 left on base; Pawnee 1 - Tortolita 1
BOTTOM OF THE 3RD
Tortolita Drummers batting - Pitching for Pawnee ParksNRec : RHP Manuel Ruíz
Batting: LHB Tippi Degré 0-0: Called Strike
0-1: Swinging Strike
0-2: Ball
1-2: Strikes out swinging
Batting: RHB Omer Yurtseven 0-0: Foul Ball, location: 2F
0-1: Foul Ball, location: 2F
0-2: Ball
1-2: Ball
2-2: Ball
3-2: SINGLE (Groundball, 56D, EV 95.6 MPH)
Batting: SHB John Wilder 0-0: Ball
1-0: Called Strike
1-1: Swinging Strike
1-2: Strikes out looking
Batting: SHB Tekkan Hayagawa 0-0: Ball
1-0: Ground out 4-3 (Groundball, 4, EV 80.0 MPH)
Bottom of the 3rd over - 0 runs, 1 hit, 0 errors, 1 left on base; Pawnee 1 - Tortolita 1
TOP OF THE 4TH
Pawnee ParksNRec batting - Pitching for Tortolita Drummers : LHP Will Hoffman
Batting: RHB Baldwin Biele 0-0: Ball
1-0: Called Strike
1-1: Ground out 5-3 (Groundball, 5, EV 86.2 MPH)
Batting: SHB Jake Pinto 0-0: Ball
1-0: SINGLE (Groundball, 4MD, EV 97.5 MPH)
Batting: RHB Ashton Bailey 0-0: Ball
1-0: Ball
2-0: Ball
3-0: Called Strike
3-1: Foul Ball, location: 2F
3-2: Strikes out swinging
Batting: SHB Ernesto Sacasas 0-0: Ball
1-0: Ball
2-0: Called Strike
2-1: Ground out 1-3 (Groundball, 25, EV 83.8 MPH)
Top of the 4th over - 0 runs, 1 hit, 0 errors, 1 left on base; Pawnee 1 - Tortolita 1
BOTTOM OF THE 4TH
Tortolita Drummers batting - Pitching for Pawnee ParksNRec : RHP Manuel Ruíz
Batting: RHB Alberto Ramírez 0-0: Ball
1-0: Ball
2-0: SOLO HOME RUN (Line Drive, 9D, EV 110.6 MPH), Distance : 379 ft
Batting: RHB Tso-i Wang 0-0: Ball
1-0: Ground out 6-3 (Groundball, 6M, EV 98.8 MPH)
Batting: RHB Ken Moore 0-0: Called Strike
0-1: Ball
1-1: Ball
2-1: Foul Ball, location: 2F
2-2: Foul Ball, location: 2F
2-2: Foul Ball, location: 2F
2-2: Strikes out swinging
Batting: LHB Carlos Leyva 0-0: SINGLE (Groundball, 34D, EV 98.8 MPH)
Batting: RHB Jesús Torres 0-0: Fielders Choice at 2nd, 6-4 (Groundball, 6, EV 81.9 MPH)
Bottom of the 4th over - 1 run, 2 hits, 0 errors, 1 left on base; Pawnee 1 - Tortolita 2
TOP OF THE 5TH
Pawnee ParksNRec batting - Pitching for Tortolita Drummers : LHP Will Hoffman
Batting: RHB Bartolo Álvarez 0-0: Ball
1-0: Ground out 6-3 (Groundball, 56, EV 90.0 MPH)
Batting: RHB Charles Atkinson 0-0: Ball
1-0: Swinging Strike
1-1: Swinging Strike
1-2: Ball
2-2: Strikes out looking
Batting: RHB Josh Mawdesley 0-0: Called Strike
0-1: Foul Ball, location: 2F
0-2: Ground out 5-3 (Groundball, 56S, EV 61.2 MPH)
Top of the 5th over - 0 runs, 0 hits, 0 errors, 0 left on base; Pawnee 1 - Tortolita 2
BOTTOM OF THE 5TH
Tortolita Drummers batting - Pitching for Pawnee ParksNRec : RHP Manuel Ruíz
Batting: LHB Tippi Degré 0-0: SINGLE (Flyball, 7LM, EV 102.5 MPH)
Batting: RHB Omer Yurtseven 0-0: Called Strike
0-1: Ball
1-1: Fielders Choice at 2nd, 1-6 (Groundball, 13S, EV 70.0 MPH)
Batting: SHB John Wilder 0-0: Ball
1-0: Ball
2-0: Ball
3-0: Base on Balls
Omer Yurtseven to second
Batting: SHB Tekkan Hayagawa 0-0: Foul Ball, location: 2F
0-1: Ball
1-1: Swinging Strike
1-2: Strikes out swinging
Batting: RHB Alberto Ramírez 0-0: Ball
1-0: Ball
2-0: Ground out 4-3 (Groundball, 4, EV 104.4 MPH)
Bottom of the 5th over - 0 runs, 1 hit, 0 errors, 2 left on base; Pawnee 1 - Tortolita 2
TOP OF THE 6TH
Pawnee ParksNRec batting - Pitching for Tortolita Drummers : LHP Will Hoffman
Pitching: LHP Jerry Hamm
Batting: RHB Manuel Acosta 0-0: Ball
1-0: Foul Ball, location: 2F
1-1: Foul Ball, location: 2F
1-2: Ball
2-2: Fly out, F8 (Flyball, 8RM, EV 79.4 MPH)
Batting: RHB Elmer Kent 0-0: Ball
1-0: Swinging Strike
1-1: DOUBLE (Flyball, 89XD, EV 98.1 MPH)
Batting: RHB Baldwin Biele 0-0: Called Strike
0-1: Ground out 4-3 (Groundball, 4MS, EV 84.4 MPH)
Elmer Kent to third
Batting: SHB Jake Pinto 0-0: Ground out 5-3 (Groundball, 56, EV 86.9 MPH)
Top of the 6th over - 0 runs, 1 hit, 0 errors, 1 left on base; Pawnee 1 - Tortolita 2
BOTTOM OF THE 6TH
Tortolita Drummers batting - Pitching for Pawnee ParksNRec : RHP Manuel Ruíz
Batting: RHB Tso-i Wang 0-0: Ball
1-0: Called Strike
1-1: Foul Ball, location: 2F
1-2: Foul Ball, location: 2F
1-2: Ball
2-2: Foul Ball, location: 2F
2-2: Fly out, F3 (Popup, 3F, EV 61.2 MPH)
Pitching: LHP Pedro Montáñez
Batting: RHB Ken Moore 0-0: Ball
1-0: Called Strike
1-1: Called Strike
1-2: Ground out 6-3 (Groundball, 6, EV 80.6 MPH)
Batting: LHB Carlos Leyva 0-0: Ball
1-0: Ball
2-0: Swinging Strike
2-1: Ball
3-1: Base on Balls
Batting: RHB Jesús Torres 0-0: Foul Ball, location: 2F
0-1: Ball
1-1: Ball
2-1: Fly out, F7 (Line Drive, 7, EV 92.5 MPH)
Bottom of the 6th over - 0 runs, 0 hits, 0 errors, 1 left on base; Pawnee 1 - Tortolita 2
TOP OF THE 7TH
Pawnee ParksNRec batting - Pitching for Tortolita Drummers : LHP Jerry Hamm
Batting: RHB Ashton Bailey 0-0: Called Strike
0-1: Ball
1-1: Ball
2-1: Swinging Strike
2-2: Ball
3-2: Ground out 6-3 (Groundball, 6, EV 102.5 MPH)
Batting: SHB Ernesto Sacasas 0-0: Called Strike
0-1: Swinging Strike
0-2: Ball
1-2: Strikes out swinging
Batting: RHB Bartolo Álvarez 0-0: Called Strike
0-1: Ball
1-1: Foul Ball, location: 2F
1-2: Ball
2-2: Strikes out swinging
Top of the 7th over - 0 runs, 0 hits, 0 errors, 0 left on base; Pawnee 1 - Tortolita 2
BOTTOM OF THE 7TH
Tortolita Drummers batting - Pitching for Pawnee ParksNRec : LHP Pedro Montáñez
Batting: LHB Tippi Degré 0-0: Ball
1-0: SINGLE (Flyball, 78S, EV 92.5 MPH)
Batting: RHB Omer Yurtseven 0-0: Ball
1-0: Ball
2-0: Foul Ball, location: 2F
2-1: Ball
3-1: Called Strike
3-2: Base on Balls
Tippi Degré to second
Batting: SHB John Wilder 0-0: Called Strike
0-1: Ball
1-1: Foul Ball, location: 2F
1-2: Ball
2-2: Foul Ball, location: 2F
2-2: Grounds into double play, 5-4-3 (Groundball, 56, EV 110.0 MPH)
Tippi Degré to third
Batting: SHB Tekkan Hayagawa 0-0: Ground out U3 (Groundball, 34, EV 98.8 MPH)
Bottom of the 7th over - 0 runs, 1 hit, 0 errors, 1 left on base; Pawnee 1 - Tortolita 2
TOP OF THE 8TH
Pawnee ParksNRec batting - Pitching for Tortolita Drummers : LHP Jerry Hamm
Batting: RHB Charles Atkinson 0-0: Fly out, F7 (Flyball, 7, EV 91.9 MPH)
Batting: RHB Josh Mawdesley 0-0: Ball
1-0: SOLO HOME RUN (Line Drive, 7D, EV 96.9 MPH), Distance : 368 ft
Batting: RHB Manuel Acosta 0-0: Ball
1-0: Ball
2-0: Called Strike
2-1: Foul Ball, location: 2F
2-2: Foul Ball, location: 2F
2-2: Ball
3-2: Fly out, F8 (Line Drive, 8RM, EV 90.6 MPH)
Batting: RHB Elmer Kent 0-0: Foul Ball, location: 2F
0-1: Ball
1-1: Ball
2-1: Ball
3-1: Fly out, F9 (Flyball, 9LD, EV 91.2 MPH)
Top of the 8th over - 1 run, 1 hit, 0 errors, 0 left on base; Pawnee 2 - Tortolita 2
BOTTOM OF THE 8TH
Tortolita Drummers batting - Pitching for Pawnee ParksNRec : LHP Pedro Montáñez
Batting: RHB Alberto Ramírez 0-0: Hit by Pitch
Batting: RHB Tso-i Wang 0-0: Ball
Alberto Ramírez is caught stealing 2nd base 2-4
1-0: Called Strike
1-1: Ball
2-1: Foul Ball, location: 2F
2-2: Ball
3-2: SINGLE (Line Drive, 7S, EV 105.6 MPH)
Pitching: RHP Cédric Dupré
Batting: RHB Ken Moore 0-0: Called Strike
0-1: Ball
1-1: Foul Ball, location: 2F
1-2: Foul Ball, location: 2F
1-2: Ball
2-2: Foul Ball, location: 2F
2-2: Strikes out looking
Batting: LHB Carlos Leyva 0-0: Ball
1-0: Ball
2-0: Foul Ball, location: 2F
2-1: Swinging Strike
2-2: Fly out, F9 (Line Drive, 9, EV 91.9 MPH)
Bottom of the 8th over - 0 runs, 1 hit, 0 errors, 1 left on base; Pawnee 2 - Tortolita 2
TOP OF THE 9TH
Pawnee ParksNRec batting - Pitching for Tortolita Drummers : LHP Jerry Hamm
Batting: RHB Baldwin Biele 0-0: Reached on error, E2 (Groundball, 15S, EV 62.5 MPH)
Pitching: RHP Carlos Taváres
Batting: SHB Jake Pinto 0-0: Bunt missed!
0-1: Sac Bunt to 25 - play at first, batter OUT! 5-4
Baldwin Biele to second
Pinch Hitting: LHB Won-shik Yi 0-0: Intentional Walk
Batting: SHB Ernesto Sacasas 0-0: Ball
1-0: Swinging Strike
1-1: Ball
2-1: Ball
3-1: Base on Balls
Baldwin Biele to third
Won-shik Yi to second
Pinch Hitting: LHB Tom Washington 0-0: Called Strike
0-1: Foul Ball, location: 2F
0-2: Grounds into fielders choice 6-2 (Groundball, 6, EV 83.8 MPH)
Won-shik Yi to third
Ernesto Sacasas to second
Batting: RHB Charles Atkinson 0-0: Swinging Strike
0-1: Foul Ball, location: 2F
0-2: Ball
1-2: SINGLE (Groundball, 34D, EV 95.6 MPH)
Won-shik Yi scores
Ernesto Sacasas to third
Tom Washington to second
Batting: RHB Josh Mawdesley 0-0: Called Strike
0-1: Ball
1-1: Fly out, F9 (Flyball, 9LMF, EV 85.6 MPH)
Top of the 9th over - 1 run, 1 hit, 1 error, 3 left on base; Pawnee 3 - Tortolita 2
BOTTOM OF THE 9TH
Tortolita Drummers batting - Pitching for Pawnee ParksNRec : RHP Cédric Dupré
Pitching: RHP John McNeill
Now at 3B: Abel Murphy
Now in LF: Won-shik Yi
Pinch Hitting: LHB Rick Crockett 0-0: Ball
1-0: Ball
2-0: Swinging Strike
2-1: Ball
3-1: Fly out, F8 (Flyball, 8RM, EV 92.5 MPH)
Batting: LHB Tippi Degré 0-0: Ball
1-0: Ground out 1-3 (Groundball, 13S, EV 60.6 MPH)
Batting: RHB Omer Yurtseven 0-0: Foul Ball, location: 2F
0-1: Ball
1-1: Ground out 1-3 (Groundball, P, EV 76.2 MPH)
Bottom of the 9th over - 0 runs, 0 hits, 0 errors, 0 left on base; Pawnee 3 - Tortolita 2
Friday, March 26th, 2021 - OOTP Baseball 20.8 Build 74